 Dungeon Crawl Stone Soup version 0.27-a0-1281-ge233d83751 (webtiles) character file.

Game seed: 14562067275583476667

4 quinnr the Chiller (level 1, 0/9 HPs)
             Began as a Vine Stalker Ice Elementalist on June 13, 2021.
             Slain by a jackal (1 damage)
             ... on level 1 of the Dungeon.
             The game lasted 00:01:26 (189 turns).

quinnr the Chiller (Vine Stalker Ice Elementalist)   Turns: 189, Time: 00:01:26

Health: 0/9        AC:  2    Str: 10    XL:     1   Next: 60%
Magic:  0/4        EV: 12    Int: 15    God:
Gold:   7          SH:  0    Dex: 14    Spells: 2/4 levels left

rFire    . . .     SeeInvis .   (no weapon)
rCold    . . .     Faith    .   (no shield)
rNeg     . . .     Spirit   +   a - +0 robe
rPois    .         Reflect  .   (no helmet)
rElec    .         Harm     .   (no cloak)
rCorr    .         Rampage  .   (no gloves)
Will     .....                  (no boots)
Stlth    ++........             (no amulet)
HPRegen  0.03/turn              (no ring)
MPRegen  0.09/turn              (no ring)

@: no status effects
A: fangs 2, magic shield, antimagic bite, no potion heal 2
a: no special abilities


You were on level 1 of the Dungeon.
You visited 1 branch of the dungeon, and saw 1 of its levels.

You collected 7 gold pieces.

Inventory:

Armour
 a - a +0 robe (worn)


   Skills:
 - Level 1.5 Dodging
 - Level 2.4 Stealth
 + Level 2.3 Spellcasting
 + Level 0.2 Conjurations
 + Level 4.1 Ice Magic


You had 2 spell levels left.
You knew the following spells:

 Your Spells              Type           Power      Damage    Failure   Level
a - Freeze                Ice            56%        1d7       4%          1
b - Magic Dart            Conj           8%         1d3       19%         1

Your spell library contained the following spells:

 Spells                   Type           Power      Damage    Failure   Level
 Searing Ray              Conj           4%         3d3       28%         2
 Frozen Ramparts          Ice            28%        1d4       12%         3
 Ozocubu's Armour         Ice            14%        N/A       12%         3
 Dazzling Flash           Conj/Hex       4%         N/A       52%         3
 Hailstorm                Conj/Ice       8%         3d4       65%         4
 Fulminant Prism          Conj/Hex       1%         3d6       90%         4
 Iskenderun's Mystic Bla  Conj/Tloc      2%         2d3       90%         4
 Metabolic Englaciation   Hex/Ice        3%         N/A       95%         5


Dungeon Overview and Level Annotations

Branches:
Dungeon (1/15)

Altars:


Innate Abilities, Weirdness & Mutations

You have extremely sharp teeth.
When hurt, damage is shared between your health and your magic reserves.
Your bite disrupts and absorbs the magic of your enemies.
Potions cannot restore your health.


Message History

Aiming: Magic Dart (safe; 19% risk of failure)
Press: ? - help, Q - select action, (/) - cycle Shift-Dir - straight line, f/p - jackal
Aim: a jackal (100% to hit)
You miscast Magic Dart.
You are very lightly contaminated with residual magic.
Nothing appears to happen.
Aiming: Magic Dart (safe; 19% risk of failure)
Press: ? - help, Q - select action, (/) - cycle Shift-Dir - straight line, f/p - jackal
Aim: a jackal (100% to hit)
The magic dart hits the jackal but does no damage.
The jackal closely misses you.
Unknown command.
You hit the jackal but do no damage.
The jackal bites you but does no damage.
You closely miss the jackal. The jackal completely misses you.
You barely miss the jackal. Your bite misses the jackal. The jackal bites you.
The jackal barely misses you.
You miss the jackal. The jackal bites you.
You closely miss the jackal. Your bite misses the jackal.
The jackal barely misses you. The jackal bites you.
Your magical contamination has completely faded away.
You hit the jackal but do no damage. The jackal barely misses you.
You hit the jackal.
The jackal is heavily wounded.
The jackal bites you.
You barely miss the jackal. Your bite misses the jackal.
The jackal is heavily wounded.
The jackal bites you.
* * * LOW HITPOINT WARNING * * *
The jackal barely misses you.
Unknown command.
You hit the jackal but do no damage.
The jackal is heavily wounded.
The jackal closely misses you.
Unknown command.
You aren't carrying any potions.
You closely miss the jackal. Your bite misses the jackal.
The jackal is heavily wounded.
The jackal bites you. x2
You die...

#........... ###..######
.# # #......# ### .# .#
##.....# ##.##.# #.#
##....###...#.##.#.
##.#.##..........
#†#.#........#.#
#h#.##.......#.###
#####@#.###..........#
#...#.#.#....#.......#
##.♣...#.#.####.......#
#..♣.#.#.#.# #....≈≈.#
#PPPP..#.#.####....≈≈.#
#..♣♣.♣.#......##......#
#P ♣♣P.#.....###.####.#
# ♣P.......## #....#.#
♣♣..#...## ##.<.##


You could see a jackal.

Vanquished Creatures
  An endoplasm (D:1)
  2 jackals (D:1)
3 creatures vanquished.

Notes
Turn   | Place    | Note
-------+----------+-------------------------------------------
     0 | D:1      | quinnr the Vine Stalker Ice Elementalist began the quest
                  | for the Orb.
     0 | D:1      | Reached XP level 1. HP: 9/9 MP: 4/4
   156 | D:1      | Learned a level 1 spell: Magic Dart
   189 | D:1      | Slain by a jackal

Illustrated notes

Levels and vault maps discovered:
D:1:      amcnicky_arrival_double_pillar, layout_loops_ring,
          ebering_ecumenical_altar_abandoned, serial_forest,
          infiniplex_forest_straight_2, infiniplex_forest_straight_5,
          infiniplex_forest_clump_medium, infiniplex_forest_clump_small,
          infiniplex_forest_clump_long, infiniplex_forest_straight_4,
          infiniplex_forest_straight_4, infiniplex_forest_lined_3,
          minmay_gold_behind_fungi, minmay_ruptured

Action                   || total
-------------------------++-------
Melee: Unarmed           ||    11
       Bite              ||     1
 Cast: Magic Dart        ||     5
       Freeze            ||     4
Armor: Robe              ||     3
Dodge: Dodged            ||    11

Table legend: (Time is in decaauts)
 A = Elapsed time spent in this place.
 B = Non-inter-level travel time spent in this place.
 C = Inter-level travel time spent in this place.
 D = Time resting spent in this place.
 E = Time spent auto-exploring this place.
 F = Levels seen in this place.
 G = Mean time per level.
                   A        B        C        D        E       F      G
               +--------+--------+--------+--------+--------+-----+--------+
         Total |    189 |    189 |      0 |     32 |    107 |   1 |  189.0 |
       Dungeon |    189 |    189 |      0 |     32 |    107 |   1 |  189.0 |
               +--------+--------+--------+--------+--------+-----+--------+

Top non-repeatable levels by time:
     D:1: 189 daAuts
